 Dungeon Crawl Stone Soup version 0.19.1 (webtiles) character file.

56 empire the Chiller (level 3, -4/19 HPs)
             Began as a Deep Elf Ice Elementalist on Dec 12, 2016.
             Slain by a worm (9 damage)
             ... on level 2 of the Dungeon.
             The game lasted 00:03:20 (1799 turns).

empire the Chiller (Deep Elf Ice Elementalist)      Turns: 1799, Time: 00:03:21

Health: -4/19      AC:  3    Str:  5    XL:     3   Next: 69%
Magic:  1/10       EV: 13    Int: 20    God:
Gold:   98         SH:  0    Dex: 15    Spells: 2 memorised, 5 levels left

rFire  . . .     SeeInvis .     b - +0 dagger
rCold  . . .     Gourm    .     g - +0 robe
rNeg   . . .     Faith    .     (no shield)
rPois  .         Spirit   .     q - +0 helmet
rElec  .         Reflect  .     (no cloak)
rCorr  .         Harm     .     (no gloves)
MR     .....                    (no boots)
Stlth  +.........               (no amulet)
                                (no ring)
                                e - ring of loudness (curse)

@: very slightly contaminated
A: no striking features
a: no special abilities


You were on level 2 of the Dungeon.
You were hungry.

You visited 1 branch of the dungeon, and saw 2 of its levels.

You collected 98 gold pieces.

Inventory:

Hand Weapons
 a - a +0 mace
 b - a +0 dagger (weapon)
Missiles
 f - 20 bolts
 j - 35 poisoned needles
 l - 33 arrows
Armour
 g - a +0 robe (worn)
 q - a +0 helmet (worn)
Jewellery
 e - a cursed ring of loudness (left hand)
Wands
 k - a wand of iceblast (8/15)
Scrolls
 m - a scroll of magic mapping {unknown}
 p - a scroll of fear {unknown}
Potions
 i - 2 potions of ambrosia {unknown}
 o - a potion of mutation {unknown}
Books
 n - a book of Frost

   Spells                             Type                      Level
   a - Freeze                         Ice                          1
   b - Throw Frost                    Conjuration/Ice              2
   c - Ozocubu's Armour               Charms/Ice                   3
   d - Throw Icicle                   Conjuration/Ice              4
   e - Summon Ice Beast               Ice/Summoning                4
Comestibles
 c - 3 bread rations
 d - 9 fruits
 h - 2 meat rations


   Skills:
 + Level 0.8 Short Blades
 + Level 3.2 Dodging
 + Level 3.4 Stealth
 + Level 3.5 Spellcasting
   Level 1.1 Conjurations
 + Level 0.0 Charms
 + Level 3.7 Ice Magic
 + Level 0.0 Evocations


You had 5 spell levels left.
You knew the following spells:

 Your Spells              Type           Power        Failure   Level  Hunger
a - Freeze                Ice            ###.         2%          1    None
b - Ozocubu's Armour      Chrm/Ice       ##......     21%         3    ###....


Dungeon Overview and Level Annotations

Branches:
Dungeon (2/15)

Altars:


Message History

Aim: a worm (severely wounded)
You freeze the worm.
The worm is almost dead.
The worm barely misses you.
Casting: Freeze
Confirm with . or Enter, or press ? or * to list all spells.
Aiming: Freeze
Press: ? - help, Shift-Dir - straight line, f/p - worm
Aim: a worm (almost dead)
You freeze the worm.
The worm is almost dead.
Casting: Freeze
Confirm with . or Enter, or press ? or * to list all spells.
Aiming: Freeze
Press: ? - help, Shift-Dir - straight line, f/p - worm
Aim: a worm (almost dead)
You miscast Freeze.
You are very lightly contaminated with residual magic.
A chill runs through your body. The worm bites you!
You die...

###.###.#### #..##.#
#.###.##.. #..##.#
#.....##.# #..##.#
########.###.#####..##.##
#....#........##... #
#..#.########.##...
#.#..#.#.............
#..w†..#.#######.#.#.
#@.##.# #...#. #..##.#
##..#. #..##.# #..#.
#.....# ##.#. #.#####
#>#. #.. #.#. ### #.#.
#.#. #...


You could see a worm.

Vanquished Creatures
  Ijyb (D:2)
  3 dart slugs
  A leopard gecko (D:2)
  2 giant cockroaches
  A goblin (D:2)
  4 hobgoblins
  2 jackals (D:2)
  3 bats
  A frilled lizard (D:1)
  2 kobolds (D:2)
  5 rats
25 creatures vanquished.

Notes
Turn   | Place    | Note
-------+----------+-------------------------------------------
     0 | D:1      | empire the Deep Elf Ice Elementalist began the quest for the Orb.
     0 | D:1      | Reached XP level 1. HP: 10/10 MP: 6/6
   328 | D:1      | Reached XP level 2. HP: 14/15 MP: 6/8
  1566 | D:2      | Noticed Ijyb
  1576 | D:2      | Killed Ijyb
  1576 | D:2      | Reached XP level 3. HP: 10/19 MP: 4/9
  1719 | D:2      | Learned a level 3 spell: Ozocubu's Armour
  1799 | D:2      | Slain by a worm

Skill      XL: |  1  2 |
---------------+-------+-----
Stealth        | 3 |  3.4
Dodging        | 3 |  3.2
Short Blades   | |  0.8
Spellcasting   | |  3.5
Conjurations   | |  1.1
Ice Magic      | |  3.7

Action                   || total
-------------------------++-------
Melee: Mace              ||    29
       Unarmed           ||     1
       Dagger            ||    18
 Cast: Freeze            ||    36
 Stab: Sleeping          ||     1
  Eat: Chunk             ||     2
Armor: Robe              ||    15
Dodge: Dodged            ||    65
